 Dungeon Crawl Stone Soup version 0.19.5 (webtiles) character file.

11727 JeffiDaFish the Basher (level 11, 0/69 HPs)
             Began as a Gargoyle Fighter on Apr 3, 2017.
             Was the Champion of Okawaru.
             Slain by a phantasmal warrior (11 damage)
             ... on level 12 of the Dungeon.
             The game lasted 00:20:37 (9536 turns).

JeffiDaFish the Basher (Gargoyle Fighter)           Turns: 9536, Time: 00:20:39

Health: 0/69       AC: 30    Str: 20    XL:     11   Next: 82%
Magic:  0/11       EV: 10    Int: 10    God:    Okawaru [******]
Gold:   610        SH: 12    Dex: 22    Spells: 0 memorised, 10 levels left

rFire  . . .     SeeInvis .     m - +2 morningstar
rCold  . . .     Gourm    .     d - +0 chain mail of Vehumet's Castigation {rC- Dex+5} (curse)
rNeg   + . .     Faith    .     c - +0 shield
rPois  ∞         Spirit   +     (no helmet)
rElec  +         Reflect  .     w - +0 cloak
rCorr  .         Harm     .     r - +2 pair of gloves
MR     .....                    l - +2 pair of boots
Stlth  ..........               z - amulet of guardian spirit
                                g - +5 ring of protection
                                e - +6 ring of dexterity

@: about to teleport, vulnerable
A: blink, cold resistance 1, negative energy resistance 1, electricity
resistance, unbreathing, petrification resistance, rot immunity, AC +7
a: Blink, Heroism, Finesse, Renounce Religion


You were on level 12 of the Dungeon.
You worshipped Okawaru.
Okawaru was exalted by your worship.
You were not hungry.

You visited 2 branches of the dungeon, and saw 13 of its levels.
You also visited: Ossuary.

You collected 760 gold pieces.
You spent 150 gold pieces at shops.

Inventory:

Hand Weapons
 m - a +2 morningstar (weapon)
Armour
 c - a +0 shield (worn)
 d - the cursed +0 chain mail of Vehumet's Castigation (worn) {rC- Dex+5}
   (You found it on level 6 of the Dungeon)

   It affects your dexterity (+5).
   It makes you vulnerable to cold.
   It has a curse placed upon it.
 l - a +2 pair of boots (worn)
 r - a +2 pair of gloves (worn)
 w - a +0 cloak (worn)
Jewellery
 e - a +6 ring of dexterity (left hand)
 g - a +5 ring of protection (right hand)
 x - the ring of Uvvuh {EV+4 Stlth+}
   (You found it on level 10 of the Dungeon)

   [ring of evasion]

   It affects your evasion (+4).
   It makes you more stealthy.
 z - an amulet of guardian spirit (around neck)
Scrolls
 i - 3 scrolls of blinking
 p - 9 scrolls of remove curse
 q - 2 scrolls of amnesia
 s - a scroll of teleportation
 t - a scroll of recharging
 A - a scroll of fear
 G - a scroll of identify
 I - a scroll of silence
Potions
 a - 3 potions of cancellation
 j - 6 potions of curing
 v - a potion of resistance
 C - a potion of cure mutation
 D - a potion of heal wounds
 E - a potion of might
 F - a potion of magic
Books
 y - a book of Maledictions

   Spells                             Type                      Level
   a - Corona                         Hexes                        1
   b - Ensorcelled Hibernation        Hexes/Ice                    2
   c - Confuse                        Hexes                        3
   d - Tukima's Dance                 Hexes                        3
   e - Dazzling Spray                 Conjuration/Hexes            3
 B - a book of Clouds

   Spells                             Type                      Level
   a - Mephitic Cloud                 Conjuration/Poison/Air       3
   b - Conjure Flame                  Conjuration/Fire             3
   c - Poisonous Cloud                Conjuration/Poison/Air       6
   d - Freezing Cloud                 Conjuration/Ice/Air          6
   e - Ring of Flames                 Charms/Fire                  7
 H - Posehuda's Tome of Curses and the Volcanoes
   (You found it on level 11 of the Dungeon)

   Spells                             Type                      Level
   a - Corona                         Hexes                        1
   b - Slow                           Hexes                        2
   c - Inner Flame                    Hexes/Fire                   3
   d - Ring of Flames                 Charms/Fire                  7
   e - Delayed Fireball               Conjuration/Fire             7
Comestibles
 b - 3 chunks of flesh
 f - 11 bread rations
 h - 2 royal jellies
 k - 4 slices of pizza
 n - 11 fruits
 o - 2 beef jerkies
 u - 4 meat rations


   Skills:
 + Level 8.3 Fighting
 + Level 12.7 Maces & Flails
 + Level 7.0 Armour
 * Level 5.1 Dodging
 - Level 1.0 Stealth
 + Level 8.9 Shields


You had 10 spell levels left.
You didn't know any spells.

Dungeon Overview and Level Annotations

Branches:
Dungeon (12/15)            Temple (1/1) D:5            Lair (0/6) D:11
    Orc (0/2) D:11

Altars:
Ashenzari
Cheibriados
Dithmenos
Elyvilon
Fedhas
Gozag
Hepliaklqana
Kikubaaqudgha
Makhleb
Nemelex Xobeh
Okawaru
Qazlal
Ru
Sif Muna
Trog
Uskayaw
Vehumet
Xom
Yredelemnul
Zin
The Shining One

Shops:
D:4 =   D:10 !*


Innate Abilities, Weirdness & Mutations

You are resistant to torment.
Your stone body is resilient. (AC +7)
You are immune to poison.
You resist negative energy. (rN+)
You are resistant to electric shocks. (rElec)
You can survive without breathing.
You are immune to petrification.
You are immune to rotting.
You can translocate small distances at will.
Your flesh is cold resistant. (rC+)


Message History

The phantasmal warrior hits you!
Your magical defenses are stripped away!
Unknown command.
You closely miss the phantasmal warrior.
The phantasmal warrior is heavily damaged.
The phantasmal warrior hits you!
As you read the scroll of teleportation, it crumbles to dust.
You feel strangely unstable. The phantasmal warrior hits you!
Your shield and chain mail of Vehumet's Castigation prevent you from hitting the phantasmal warrior.
The phantasmal warrior is heavily damaged.
The fire giant hits you with a great sword of flaming.
The fire giant burns you. The phantasmal warrior hits you!
* * * LOW HITPOINT WARNING * * *
You feel much better.
The fire giant hits you with a great sword of flaming!
* * * LOW HITPOINT WARNING * * *
The fire giant burns you.
* * * LOW HITPOINT WARNING * * *
The phantasmal warrior hits you!
You die...

## #.....# #. #.....+ .#
#.....# .. #.....# ##.
#.?...######## # #)[
#.....#......#
#.eE#####.....#.......
#HoEC@W(..(.#......###
#.WC#####.....'......#..
# #($ #...).#......#..
##. #....[########.. ..
#.....#......#.. .#
#.....'......#.. #.
#.....#......#..
#####.....#......#..
..........#......#..


You could see a fire giant, an orc knight, a hill giant, a manticore, a
phantasmal warrior, 2 earth elementals, a freezing wraith and a deep elf mage.

Vanquished Creatures
  A hydra (D:12)
  Pikel (D:7)
  A hill giant (D:10)
  An ugly thing (D:11)
  A cyclops (D:12)
  2 gargoyles
  A centaur skeleton (D:11)
  2 trolls
  A two-headed ogre (D:9)
  Prince Ribbit (D:6)
  A meliai zombie (D:10)
  A hippogriff (D:7)
  A spriggan (D:7)
  A wyvern (D:10)
  10 yaks
  A mottled dragon (D:11)
  8 orc warriors
  An eye of draining (D:10)
  A sky beast (D:8)
  A black bear (D:10)
  7 ogres
  A necrophage (D:10)
  An ice beast (D:11)
  5 wolves (D:11)
  2 phantoms
  3 centaurs
  A big kobold (D:11)
  4 bullfrogs
  2 water moccasin zombies
  7 killer bees
  3 howler monkeys
  3 electric eels (D:11)
  5 crimson imps
  A bullfrog zombie (D:7)
  5 jellies
  11 hounds
  6 orc priests
  An iguana (D:11)
  5 orc wizards
  10 worker ants
  5 big kobold zombies (Ossuary)
  A hound zombie (D:11)
  A worker ant zombie (D:10)
  2 mummies (Ossuary)
  14 adders
  11 gnolls
  A howler monkey skeleton (D:5)
  2 shadow imps
  An ooze (D:1)
  6 adder zombies
  An adder skeleton (D:9)
  4 worms
  3 dart slugs
  8 leopard geckos
  53 orcs
  9 ball pythons
  7 bats
  5 giant cockroaches
  2 gnoll zombies (Ossuary)
  10 goblins
  7 hobgoblins
  3 jackals (D:1)
  13 kobolds
  6 quokkas
  3 frilled lizards
  4 hobgoblin zombies (Ossuary)
  A jackal skeleton (D:4)
  A jackal zombie (D:6)
  8 kobold zombies (Ossuary)
  A leopard gecko skeleton (D:6)
  6 orc zombies (Ossuary)
  2 rats (D:1)
322 creatures vanquished.

Vanquished Creatures (others)
  A mottled dragon (D:12)
  A jackal (D:11)
2 creatures vanquished.

Grand Total: 324 creatures vanquished

Notes
Turn   | Place    | Note
-------+----------+-------------------------------------------
     0 | D:1      | JeffiDaFish the Gargoyle Fighter began the quest for the Orb.
     0 | D:1      | Reached XP level 1. HP: 14/14 MP: 1/1
    82 | D:1      | Reached XP level 2. HP: 19/19 MP: 2/2
   237 | D:1      | Reached XP level 3. HP: 21/23 MP: 3/3
   795 | D:2      | Found a shattered altar of Ashenzari.
   936 | D:2      | Reached XP level 4. HP: 28/28 MP: 4/4
  1092 | D:2      | Reached skill level 3 in Maces & Flails
  1332 | D:3      | Found a faded altar of an unknown god.
  1404 | D:3      | Found an opulent altar of Gozag.
  1803 | D:4      | Reached XP level 5. HP: 33/33 MP: 5/5
  1974 | D:4      | Reached skill level 4 in Maces & Flails
  2014 | D:4      | Reached XP level 6. HP: 26/38 MP: 6/6
  2189 | D:4      | Found Luempise's Jewellery Boutique.
  2510 | D:4      | Reached skill level 1 in Dodging
  2690 | D:4      | Reached skill level 5 in Maces & Flails
  2690 | D:4      | Reached XP level 7. HP: 43/43 MP: 7/7
  2853 | D:5      | Entered Level 5 of the Dungeon
  2961 | D:5      | Reached skill level 5 in Shields
  3191 | D:5      | Found a staircase to the Ecumenical Temple.
  3354 | Temple   | Entered the Ecumenical Temple
  3422 | Temple   | Became a worshipper of Warmaster Okawaru
  3565 | D:5      | Reached skill level 6 in Maces & Flails
  3565 | D:5      | Reached XP level 8. HP: 36/48 MP: 8/8
  3581 | D:5      | Reached skill level 5 in Armour
  4108 | D:6      | Got a faintly glowing chain mail
  4119 | D:6      | Identified the cursed +0 chain mail of Vehumet's Castigation {rC- Dex+5} (You found it on level 6 of the Dungeon)
  4194 | D:6      | Reached skill level 5 in Fighting
  4262 | D:6      | Reached * piety under Okawaru
  4601 | D:6      | Noticed Prince Ribbit
  4625 | D:6      | Killed Prince Ribbit
  4625 | D:6      | Reached skill level 7 in Maces & Flails
  4738 | D:7      | Found a sand-covered staircase.
  4747 | Ossuary  | Entered an ossuary
  4990 | D:7      | Noticed Pikel
  5000 | D:7      | Killed Pikel
  5000 | D:7      | Reached ** piety under Okawaru
  5000 | D:7      | Reached skill level 8 in Maces & Flails
  5000 | D:7      | Reached skill level 1 in Stealth
  5000 | D:7      | Reached XP level 9. HP: 44/55 MP: 9/9
  5153 | D:7      | Found a flagged portal.
  5201 | D:7      | Reached skill level 9 in Maces & Flails
  5324 | D:7      | Reached *** piety under Okawaru
  5549 | D:7      | Gained mutation: You can translocate small distances at will. [potion of beneficial mutation]
  5550 | D:7      | Gained mutation: Your flesh is cold resistant. (rC+) [potion of beneficial mutation]
  6272 | D:8      | Reached XP level 10. HP: 55/61 MP: 10/10
  6278 | D:8      | Reached skill level 10 in Maces & Flails
  6698 | D:8      | Reached **** piety under Okawaru
  7349 | D:9      | Found a hazy altar of Hepliaklqana.
  7514 | D:10     | Entered Level 10 of the Dungeon
  7615 | D:10     | Got a vibrating ivory ring
  7629 | D:10     | Found Harynli's Distillery.
  7630 | D:10     | Identified the ring of Uvvuh {EV+4 Stlth+} (You found it on level 10 of the Dungeon)
  7636 | D:10     | Bought a potion of heal wounds for 75 gold pieces
  7636 | D:10     | Bought a potion of heal wounds for 75 gold pieces
  7738 | D:10     | Reached skill level 11 in Maces & Flails
  7777 | D:10     | Noticed a hill giant
  7785 | D:10     | Killed a hill giant
  7785 | D:10     | Reached ***** piety under Okawaru
  7822 | D:10     | Found Teemagi's Assorted Antiques.
  7886 | D:10     | Reached XP level 11. HP: 56/68 MP: 9/11
  8335 | D:11     | Found a staircase to the Orcish Mines.
  8407 | D:11     | Noticed a purple ugly thing
  8425 | D:11     | Killed a purple ugly thing
  8425 | D:11     | Reached skill level 12 in Maces & Flails
  8494 | D:11     | Found a staircase to the Lair.
  8542 | D:11     | Reached ****** piety under Okawaru
  8943 | D:11     | Identified Posehuda's Tome of Curses and the Volcanoes
  9197 | D:12     | Noticed an eight-headed hydra
  9211 | D:12     | Killed an eight-headed hydra
  9234 | D:12     | Reached skill level 5 in Dodging
  9505 | D:12     | Received a gift from Okawaru
  9511 | D:12     | Noticed a cyclops
  9513 | D:12     | Noticed a deep elf mage
  9513 | D:12     | Noticed a manticore
  9516 | D:12     | Noticed a fire giant
  9516 | D:12     | Noticed an orc knight
  9516 | D:12     | Noticed a phantasmal warrior
  9518 | D:12     | Noticed a hill giant
  9524 | D:12     | Killed a cyclops
  9536 | D:12     | Slain by a phantasmal warrior

Skill      XL: |  1  2  3  4  5  6  7  8  9 10 11 |
---------------+----------------------------------+-----
Armour         | 4 5 6 7 |  7.0
Maces & Flails | 3 4 5 6 8 9 11 12 | 12.7
Shields        | 4 5 6 7 8 |  8.9
Dodging        | 1 2 3 5 |  5.1
Fighting       | 4 6 7 8 |  8.3
Stealth        | 1 |  1.0

Action                   |  1- 3 |  4- 6 |  7- 9 | 10-12 || total
-------------------------+-------+-------+-------+-------++-------
Melee: Flail             |   109 |    87 |       |       ||   196
       Morningstar       |       |   188 |   417 |   537 ||  1142
  Use: Potion            |     2 |     3 |     9 |     3 ||    17
       Scroll            |     6 |     6 |     9 |     6 ||    27
  Eat: Chunk             |       |     7 |    12 |    12 ||    31
Armor: Scale mail        |    55 |   189 |    53 |       ||   297
       Chain mail        |       |       |   149 |   330 ||   479
Dodge: Dodged            |    48 |   114 |   108 |   181 ||   451
Block: Shield            |    69 |   181 |   237 |   363 ||   850
